 Dungeon Crawl Stone Soup version 0.30.0-19-g36f170ea60 (webtiles) character file.

Game seed: 6967443258586204493

3333 Irreverend the Ducker (level 10, -4/73 HPs)
             Began as a Djinni Fire Elementalist on June 1, 2023.
             Was a Believer of Makhleb.
             Slain by Erica
             ... wielding a +4 scimitar of flaming
              (11 damage)
             ... on level 8 of the Dungeon.
             The game lasted 00:07:57 (7086 turns).

Irreverend the Ducker (Djinni Fire Elementalist)    Turns: 7086, Time: 00:07:58

Health: -4/73      AC:  2    Str:  7    XL:     10   Next: 22%
Gold:   480        EV: 16    Int: 20    God:    Makhleb [**....] SH:  0 Dex: 15

rFire   + + .        (no weapon)
rCold   x . .        (no shield)
rNeg    . . .        a - +0 robe
rPois   ∞            (no helmet)
rElec   .            (no cloak)
rCorr   .            (no gloves)
SInv    .            (boots unavailable)
Will    +....        w - amulet of the acrobat
Stlth   ++           (no ring)
HPRegen 0.32/turn    (no ring)
MPRegen 0.00/turn

%: acrobat, infuse magic (-5 HP)
@: freezing walls, flying
A: sickness immunity, fire resistance 2, cold vulnerability 1, float, innate
caster, HP casting, extra vitality 1
a: Renounce Religion, Minor Destruction


You were on level 8 of the Dungeon.
You worshipped Makhleb.
Makhleb was pleased with you.
You visited 1 branch of the dungeon, and saw 8 of its levels.

You collected 480 gold pieces.

Inventory:

Missiles
 n - a throwing net
Armour
 a - a +0 robe (worn)
Jewellery
 w - an amulet of the acrobat (around neck)
 z - a ring of ice
 A - the ring "Fyleneqe" {rElec Will+ Str+6 Int-5 Dex+5}
   (You took it off a centaur on level 7 of the Dungeon)

   [ring of strength]

   Str:       It affects your strength (+6).
   Int:       It affects your intelligence (-5).
   Dex:       It affects your dexterity (+5).
   rElec:     It insulates you from electricity.
   Will:      It increases your willpower.
Wands
 l - a wand of flame (26)
 y - a wand of digging (7)
Scrolls
 b - 2 scrolls of vulnerability {unknown}
 d - 7 scrolls of identify {unknown}
 e - 2 scrolls of blinking {unknown}
 k - 3 scrolls of silence {unknown}
 o - 3 scrolls of magic mapping {unknown}
 p - 2 scrolls of teleportation {unknown}
 q - a scroll of fear {unknown}
 t - a scroll of poison {unknown}
 u - a scroll of noise {unknown}
 x - a scroll of amnesia {unknown}
Potions
 c - a potion of cancellation {unknown}
 f - 3 potions of lignification {unknown}
 g - 3 potions of curing
 h - 3 potions of invisibility {unknown}
 i - a potion of magic {unknown}
 j - 2 potions of brilliance {unknown}
 m - 4 potions of degeneration {unknown}
 r - 4 potions of heal wounds {unknown}
 s - 2 potions of haste {unknown}
 v - a potion of mutation {unknown}
 B - a potion of flight {unknown}


   Skills:
 + Level 6.7 Fighting
 + Level 7.9 Dodging
 - Level 1.5 Stealth
 * Level 7.9 Spellcasting


You knew the following spells:

 Your Spells              Type           Power      Damage    Failure   Level
a - Foxfire               Conj/Fire      100%       2x1d9     1%          1
b - Scorch                Fire           78%        2d8       1%          2
c - Volatile Blastmotes   Fire/Tloc      78%        2d16      1%          3
d - Inner Flame           Hex/Fire       39%        N/A       1%          3
e - Flame Wave            Conj/Fire      39%        2d11      3%          4
f - Beastly Appendage     Tmut           78%        N/A       1%          1
g - Poisonous Vapours     Pois/Air       78%        N/A       1%          2
h - Frozen Ramparts       Ice            78%        1d12      1%          3
i - Olgreb's Toxic Radia  Pois           39%        N/A       3%          4
Your spell library was empty.

Dungeon Overview and Level Annotations

Branches:
Dungeon (8/15)             Temple (0/1) D:6
   Lair: D:8-11

Altars:
Elyvilon
Fedhas
Makhleb
Ru
Trog
Wu Jian

Shops:
D:4 [=

Annotations:
D:8 Erica


Innate Abilities, Weirdness & Mutations

You are immune to sickness and miasma.
You are immune to poison.
Your flesh is very heat resistant. (rF++)
You are vulnerable to cold. (rC-)
You float through the air rather than walking.
You learn spells naturally, not from books.
Your magical power is your life essence.
You have superior vitality. (+4 MHP)


Message History

Confirm with . or Enter, or press ? or * to list all spells.
Flames lash the wight.
The wight is moderately damaged.
The wight's fire resistance burns away.
The vampire misses you. The vampire closely misses you.
Casting: Scorch (safe; 1% risk of failure)
Confirm with . or Enter, or press ? or * to list all spells.
Flames lash the vampire but do no damage.
The vampire misses you. The vampire bites you!
* * * LOW HITPOINT WARNING * * *
Casting: Scorch (safe; 1% risk of failure)
Confirm with . or Enter, or press ? or * to list all spells.
Flames lash the wight.
The wight is heavily damaged.
* * * LOW HITPOINT WARNING * * *
The wight completely misses you.
The vampire points at you and mumbles some strange words.
You easily resist.
Casting: Scorch (safe; 1% risk of failure)
Confirm with . or Enter, or press ? or * to list all spells.
Flames lash the wight.
The wight is burned terribly!
The wight is severely damaged.
* * * LOW HITPOINT WARNING * * *
A gnoll comes into view. It is wielding a +0 club.
The vampire casts a spell.
The vampire flickers and vanishes!
The wight hits you with a +4 dagger.
* * * LOW HITPOINT WARNING * * *
Casting: Scorch (safe; 1% risk of failure)
Confirm with . or Enter, or press ? or * to list all spells.
Casting: Frozen Ramparts (safe; 1% risk of failure)
Press: ? - help, Dir - look around, f - activate The walls around you are covered in ice.
* * * LOW HITPOINT WARNING * * *
The wight closely misses you.
The wall freezes something but does no damage.
Something hits you!
* * * LOW HITPOINT WARNING * * *
Something barely misses you.
It was a potion of curing.
You feel better. Something hits you!
You die...

...............#)#.....
..........###...#.......
..........###...........
..g.†.........#.###.....
....<....#.†..###.#.....
........#...†.........#.
......................#.
#..)...........#........
#...)..@[†.†...#.......(
..)..?#{z..†...# ...
..... #........# #. ...)
#.....##†.# #.. ......#
... ~~ ......... .. #
.......... #.........


You could see a wight (combustible) and a gnoll.

Vanquished Creatures
  Maggie (D:7)
  Prince Ribbit (D:6)
  4 yaks (D:8)
  Menkaure (D:5)
  2 water moccasins
  A black bear (D:5)
  Pargi (D:3)
  An ogre (D:4)
  An ice beast (D:6)
  2 centaurs (D:7)
  A phantom (D:4)
  2 bullfrogs (D:7)
  4 scorpions
  3 killer bees (D:8)
  A howler monkey (D:8)
  A jelly (D:7)
  3 orc priests
  3 hounds
  2 sleepcaps
  6 iguanas
  7 orc wizards
  Ijyb (D:3)
  5 adders
  3 gnolls (D:3)
  2 shadow imps
  2 white imps (D:5)
  4 ufetubi
  2 worms (D:4)
  A dart slug (D:2)
  15 orcs
  7 ball pythons
  5 endoplasms
  2 giant cockroaches
  5 goblins
  7 hobgoblins
  3 jackals (D:1)
  19 kobolds
  5 quokkas
  6 bats
  3 frilled lizards
  10 rats
155 creatures vanquished.

Vanquished Creatures (others)
  714 foxfires
714 creatures vanquished.

Grand Total: 869 creatures vanquished

Notes
Turn   | Place    | Note
-------+----------+-------------------------------------------
     0 | D:1      | Irreverend the Djinni Fire Elementalist began the quest for
                  | the Orb.
     0 | D:1      | Irreverend set off with the following spells memorised:
                  | Foxfire, Scorch, Volatile Blastmotes, Inner Flame, Flame
                  | Wave.
     0 | D:1      | Reached XP level 1. HP: 15/15 MP: 0/0
   324 | D:1      | Reached XP level 2. HP: 18/22 MP: 0/0
   710 | D:1      | Reached XP level 3. HP: 23/26 MP: 0/0
   710 | D:1      | Learned a level 1 spell: Beastly Appendage
   737 | D:1      | Reached skill level 1 in Fighting
  1542 | D:2      | Reached XP level 4. HP: 24/32 MP: 0/0
  1926 | D:2      | Found an ornate altar of the Wu Jian Council.
  2206 | D:3      | Noticed Ijyb
  2210 | D:3      | Killed Ijyb
  2322 | D:3      | Reached XP level 5. HP: 36/38 MP: 0/0
  2322 | D:3      | Learned a level 2 spell: Poisonous Vapours
  2670 | D:3      | Found a sacrificial altar of Ru.
  2670 | D:3      | Noticed Pargi
  2677 | D:3      | Killed Pargi
  2678 | D:3      | Reached XP level 6. HP: 40/45 MP: 0/0
  2875 | D:4      | Found a burning altar of Makhleb.
  2884 | D:4      | Became a worshipper of Makhleb the Destroyer
  3230 | D:4      | Noticed an ogre
  3236 | D:4      | Killed an ogre
  3237 | D:4      | Reached XP level 7. HP: 45/50 MP: 0/0
  3237 | D:4      | Learned a level 3 spell: Frozen Ramparts
  3293 | D:4      | Found Ejurchi's Jewellery Boutique.
  3339 | D:4      | Found a blossoming altar of Fedhas.
  3443 | D:4      | Found Ybyesor's Armour Shoppe.
  4019 | D:5      | Entered Level 5 of the Dungeon
  4182 | D:5      | Noticed a water moccasin
  4187 | D:5      | Killed a water moccasin
  4192 | D:5      | Reached skill level 5 in Spellcasting
  4196 | D:5      | Reached skill level 5 in Dodging
  4196 | D:5      | Reached XP level 8. HP: 20/58 MP: 0/0
  4635 | D:5      | Noticed Menkaure
  4641 | D:5      | Killed Menkaure
  4646 | D:5      | Reached * piety under Makhleb
  4803 | D:5      | Found a bloodstained altar of Trog.
  5509 | D:6      | Found a staircase to the Ecumenical Temple.
  5549 | D:6      | Noticed Prince Ribbit
  5555 | D:6      | Killed Prince Ribbit
  5556 | D:6      | Reached skill level 5 in Fighting
  5556 | D:6      | Reached XP level 9. HP: 60/65 MP: 0/0
  5556 | D:6      | Learned a level 4 spell: Olgreb's Toxic Radiance
  5933 | D:6      | Found a white marble altar of Elyvilon.
  6435 | D:7      | Noticed Maggie
  6440 | D:7      | Identified the ring "Fyleneqe" {rElec Will+ Str+6 Int-5
                  | Dex+5}
  6445 | D:7      | Killed Maggie
  7046 | D:8      | Reached XP level 10. HP: 65/73 MP: 0/0
  7049 | D:8      | Reached ** piety under Makhleb
  7078 | D:8      | Noticed Erica
  7085 | D:8      | HP: 1/73 [something (7)]
  7086 | D:8      | Slain by Erica

Illustrated notes

Levels and vault maps discovered:
D:1:      dpeg_arrival_pits, layout_loops_corners, minivault_26
D:2:      layout_basic, basic_altar, minmay_unequal
D:3:      layout_rooms, mainiacjoe_overflow_surrounded_room,
          minmay_goblin_kobold_house, uniq_pargi, uniq_ijyb
D:4:      layout_basic, mainiacjoe_overflow_tiny_flanked, marbit_many_paths,
          serial_shops, nicolae_stop_n_shop_1, nicolae_square_shop,
          minmay_liquid_box
D:5:      layout_rooms, trog_ov_bears_minmay, st_stairs_4, uniq_menkaure
D:6:      wad_crossroads, layout_basic, nicolae_elyvilon_peaceful_grove,
          minmay_temple_entry_fiery, uniq_prince_ribbit1
D:7:      layout_basic, uniq_maggie
D:8:      cheibrodos_ideogram_h, layout_cave_pools, dreamdust_princess_corridor,
          serial_bayou_ford_a, uniq_maurice, uniq_erica, uniq_gastronok

Skill      XL: |  1  2  3  4  5  6  7  8  9 |
---------------+----------------------------+-----
Fighting       | 1 2 3 5 6 |  6.7
Spellcasting   | 3 4 5 6 7 |  7.9
Dodging        | 3 4 5 6 7 |  7.9
Stealth        | |  1.5

Action                     |  1- 3 |  4- 6 |  7- 9 | 10-12 || total
---------------------------+-------+-------+-------+-------++-------
   Cast: Foxfire           |   124 |   111 |   197 |     7 ||   439
         Scorch            |     2 |    19 |    46 |     7 ||    74
         Olgreb's Toxic Ra |       |       |     8 |     1 ||     9
         Frozen Ramparts   |       |       |       |     1 ||     1
    Use: Potion            |       |       |       |     1 ||     1
 Armour: Robe              |       |     1 |     5 |     1 ||     7
  Dodge: Dodged            |     5 |     8 |    36 |    10 ||    59
